 Dungeon Crawl Stone Soup version 0.21-a0-426-g98080a9 (webtiles) character file.

101 mastercheaf21 the Covert (level 4, -5/29 HPs)
             Began as an Octopode Assassin on Nov 7, 2017.
             Slain by a gnoll (8 damage)
             ... on level 2 of the Dungeon.
             The game lasted 00:07:59 (1854 turns).

mastercheaf21 the Covert (Octopode Assassin)        Turns: 1854, Time: 00:08:00

Health: -5/29      AC:  1    Str: 10    XL:     4   Next: 75%
Magic:  4/4        EV: 13    Int: 13    God:
Gold:   53         SH:  0    Dex: 14    Spells: 3/3 levels left

rFire    . . .     SeeInvis .   a - +3 dagger
rCold    . . .     Gourm    .   (no shield)
rNeg     . . .     Faith    .   (helmet restricted)
rPois    .         Spirit   .   (no amulet)
rElec    .         Reflect  .   j - ring of protection from magic
rCorr    .         Harm     .   (no ring)
MR       +....                  (no ring)
Stlth    +++++.....             (no ring)
HPRegen  0.09/turn              (no ring)
MPRegen  0.09/turn              (no ring)
                                (no ring)
                                (no ring)

@: about to teleport
A: almost no armour, stealthy swim, amphibious, 8 rings, constrict 8, camouflage
1, gelatinous body 1
a: no special abilities


You were on level 2 of the Dungeon.
You were hungry.

You visited 1 branch of the dungeon, and saw 3 of its levels.

You collected 53 gold pieces.

Inventory:

Hand Weapons
 a - a +3 dagger (weapon)
 b - a +0 blowgun
 g - a +0 dagger of draining
 k - a +2 dagger of speed
Missiles
 c - 8 poisoned needles
 d - 2 curare-tipped needles
 e - 15 sling bullets
Jewellery
 j - a ring of protection from magic (left tentacle)
Scrolls
 h - 2 scrolls of teleportation
 m - a scroll of identify
 o - a scroll of random uselessness
Potions
 i - a potion of flight {unknown}
 l - a potion of might {unknown}
 n - a potion of brilliance
 p - 2 potions of agility {unknown}
 q - a potion of lignification {unknown}
Comestibles
 f - 2 bread rations


   Skills:
 - Level 2.0 Fighting
 - Level 2.1 Short Blades
 - Level 2.0 Throwing
 - Level 1.0 Dodging
 + Level 8.2 Stealth


You had 3 spell levels left.
You didn't know any spells.

Dungeon Overview and Level Annotations

Branches:
Dungeon (3/15)

Altars:


Innate Abilities, Weirdness & Mutations

You cannot wear most types of armour.
You are very stealthy in the water. (Stealth+)
You are amphibious.
You can wear up to eight rings at the same time.
You can use your tentacles to constrict eight enemies at once.
Your skin changes colour to match your surroundings (Stealth+).
Your rubbery body absorbs attacks. (AC +1, EV +1)


Message History

You climb downwards.
You hear the sound of rushing water.
There is an entrance to a sewer on this level.
Hurry and find it before the portal rusts away!
The gnoll barely misses you. The giant cockroach bites you.
The gnoll hits you but does no damage. The gnoll hits you.
There is a stone staircase leading up here.
You can't go down here!
The giant cockroach barely misses you.
The gnoll hits you from afar with a halberd!
The gnoll hits you. The gnoll hits you with a spear.
* * * LOW HITPOINT WARNING * * *
The giant cockroach bites you.
* * * LOW HITPOINT WARNING * * *
You climb upwards.
There is a stone staircase leading down here.
As you read the scroll of teleportation, it crumbles to dust.
You feel strangely unstable. The gnoll hits you with a spear.
* * * LOW HITPOINT WARNING * * *
The gnoll hits you!
You die...

##.##........#......#..#
...#######...######.#..#
#### #.########.#..## #
#..............# #
##########...### ####
#...........# ...#
#.#########.# ##.#
#.#########.# ##.#
#...sg@g....# ...#
############# ####


You could see 2 gnolls and a giant cockroach.

Vanquished Creatures
  Jessica (D:2)
  An adder (D:2)
  An ooze (D:1)
  A worm (D:2)
  2 dart slugs
  2 leopard geckos (D:2)
  3 giant cockroaches
  3 goblins (D:1)
  8 hobgoblins
  3 jackals (D:2)
  A quokka (D:2)
  11 bats
  3 frilled lizards (D:1)
  9 kobolds
  6 rats
55 creatures vanquished.

Notes
Turn   | Place    | Note
-------+----------+-------------------------------------------
     0 | D:1      | mastercheaf21 the Octopode Assassin began the quest for the Orb.
     0 | D:1      | Reached XP level 1. HP: 14/14 MP: 1/1
   200 | D:1      | Reached XP level 2. HP: 13/19 MP: 2/2
   217 | D:1      | Reached skill level 6 in Stealth
   595 | D:1      | Reached XP level 3. HP: 24/24 MP: 3/3
  1058 | D:2      | Noticed Jessica
  1061 | D:2      | Reached skill level 7 in Stealth
  1071 | D:2      | Killed Jessica
  1071 | D:2      | Reached XP level 4. HP: 23/29 MP: 4/4
  1396 | D:2      | Reached skill level 8 in Stealth
  1854 | D:2      | Slain by a gnoll

Vault maps used:
D:1:      kennysheep_arrival_seaside, minivault_24
D:2:      serial_glass, glass_columns_b, glass_columns_b, glass_columns_c,
          glass_columns_a, glass_columns_b, glass_columns_b, uniq_jessica
D:3:      lemuel_coloured_pillars_altar, lemuel_round_altar,
          portal_sewer_entry_f, uniq_grinder

Skill      XL: |  1  2  3  4 |
---------------+-------------+-----
Stealth        | 6 7 8 |  8.2
Fighting       | |  2.0
Short Blades   | |  2.1
Throwing       | |  2.0
Dodging        | |  1.0

Action                   |  1- 3 |  4- 6 || total
-------------------------+-------+-------++-------
Melee: Dagger            |    62 |    33 ||    95
       Constrict         |    17 |     6 ||    23
       Tentacles         |     7 |     2 ||     9
  Use: Scroll            |     5 |     1 ||     6
       Potion            |     1 |       ||     1
 Stab: Sleeping          |    10 |    10 ||    20
  Eat: Chunk             |       |     2 ||     2
Armor: Skin              |     5 |     2 ||     7
Dodge: Dodged            |    33 |    15 ||    48

Table legend:
 A = Spawn XP
 B = Non-spawn XP
 C = Spawn XP percentage of total XP
 D = Spawn monster count
 E = Non-spawn monster count
 F = Spawn count percentage of total count
 G = Total turns spent on level
                    A         B        C        D         E        F      G
               +---------+---------+-------+---------+---------+-------+---------
         Total |       0 |     145 |   0.0 |       0 |      55 |   0.0 |  1854
               +---------+---------+-------+---------+---------+-------+---------
           D:1 |       0 |      48 |   0.0 |       0 |      29 |   0.0 |  1035
           D:2 |       0 |      97 |   0.0 |       0 |      26 |   0.0 |   811
               +---------+---------+-------+---------+---------+-------+---------
